Ducks vs Golden Knights

Created - April 11, 2024 at 22:13

Goals
1 2 3 T
Ducks 1 0 3 4
Golden Knights 2 0 1 3
Shots
1 2 3 T
Ducks 9 8 18 35
Golden Knights 13 13 7 33

GoalsPenalties
1st period
1. Golden Knights , Rafael Harvey-Pinard 2 (Sean Walker 1, Jack Roslovic 2) at 0:35
2. Golden Knights , Sean Walker 1 (Conor Timmins 1, Mattias Janmark 1) at 10:18
3. Ducks , Adrian Kempe 3 (Moritz Seider 1, Tyson Barrie 1) at 17:31
Adam Boqvist (VGK) for Hooking (Minor) at 5:04
Jakob Chychrun (VGK) for Hooking (Minor) at 7:23
Vladislav Namestnikov (VGK) for Boarding (Double Minor) at 17:02
Nikolaj Ehlers (ANA) for Interference (Minor) at 17:02
2nd period
No Goal
Marcus Foligno (VGK) for Holding (Minor) at 4:15
Zach Hyman (ANA) for Roughing (Minor) at 4:15
Pierre-Luc Dubois (ANA) for Interference (Minor) at 7:00
Sean Walker (VGK) for Slashing (Minor) at 9:22
Adam Fox (ANA) for Slashing (Minor) at 11:44
3rd period
4. Ducks , Phillip Danault 1 (Pierre-Luc Dubois 1, Moritz Seider 2) at 0:46
5. Golden Knights , T.J. Oshie 1 (Nathan MacKinnon 1, Miro Heiskanen 2) at 9:25
6. Ducks , Zach Hyman 1 (Nikolaj Ehlers 1, Tyson Barrie 2) at 10:55
7. Ducks , Zach Hyman 2 (Ryan McDonagh 3, Patrick Kane 1) at 19:46
Rasmus Dahlin (ANA) for High sticking (Minor) at 1:22
Travis Hamonic (VGK) for Tripping (Minor) at 15:19
Conor Timmins (VGK) for Tripping (Minor) at 17:22
Goalie Stats
Anton Forsberg (ANA), 30 saves from 33 shots - (0.909), W, 2-2-0, 60:00 minutes
Ilya Samsonov (VGK), 31 saves from 35 shots - (0.886), L, 2-1-1, 60:00 minutes
3 StarsOfficial
1 - Moritz Seider (ANA)
2 - Zach Hyman (ANA)
3 - Sean Walker (VGK)
Referees : Gord Dwyer and Dave Lewis
Linesman : Luke Murray and Brent Colby
Game Note
No Game Note
Finance
Level 1 -- Attendance: 6500 (100.00%) -- Ticket Income $715,000
Level 2 -- Attendance: 5000 (100.00%) -- Ticket Income $410,000
Level 3 -- Attendance: 3335 (95.29%) -- Ticket Income $210,105
Level 4 -- Attendance: 3332 (94.20%) -- Ticket Income $66,640
Luxury Box -- Attendance: 1000 (100.00%) -- Ticket Income $225,000
Game was played at the T-Mobile Arena.
Total Attendance: 19167 (98.11%)
Total Ticket Income: $1,626,745
Other Income: $406,686
Total Income: $2,033,431



Team Name Goals Shots Shots Attemp Shots Blocked PIM HIT PP PK FO%
Ducks 43567910220 / 6 (0%)053%
Golden Knights 33361816170 / 3 (0%)047%

Ducks
Player Name POS G A P +/- PIM HIT SHT SB MP PP MP PP SHT PK MP PK SHT FO% FOT
Adam FoxD000-1221324:016:2912:1500% 0
Adrian KempeRW1010034023:355:5603:58054% 13
Brayden McNabbD000-1020013:140:0000:4900% 0
Claude GirouxRW0001003120:115:1810:0000% 0
Jason RobertsonLW000-1014018:376:3710:46050% 12
Joe PavelskiC000-1000011:420:0000:2800% 0
Mats ZuccarelloRW0000020015:236:3704:12050% 10
Moritz SeiderD0223034021:375:2631:4600% 0
Nikolaj EhlersLW011120319:550:0000:0000% 1
Patrick KaneRW0111000010:370:4100:0000% 0
Phillip DanaultC1010013012:260:0000:00069% 13
Pierre-Luc DuboisLW0110213020:135:1810:5900% 0
Rasmus DahlinD000-1232224:186:2922:3200% 0
Ryan McDonaghD011-1010113:360:0001:1100% 0
Travis BoydC0000012012:545:1801:31044% 16
Tyson BarrieD0223002123:125:2613:2100% 0
Zach HymanLW202121409:550:0000:00060% 10
Zack MacEwenC000001004:340:0000:0000% 0
Golden Knights
Player Name POS G A P +/- PIM HIT SHT SB MP PP MP PP SHT PK MP PK SHT FO% FOT
Adam BoqvistD000-3201118:502:5802:5000% 0
Conor TimminsD0112220212:450:0000:1800% 0
Derek GrantC000101119:480:0003:55046% 13
Jack RoslovicC0110002018:403:1717:57060% 10
Jake EvansC0000001015:200:0007:54142% 12
Jakob ChychrunD000-4221123:042:5915:0800% 0
Kirby DachC000-1000015:322:4000:00050% 2
Marcus FolignoLW000-1221014:172:4010:00050% 2
Mark StoneRW000-1004019:273:1710:000100% 1
Mattias JanmarkC011100005:530:0000:0000% 0
Miro HeiskanenD0110013026:212:5916:4500% 0
Nathan MacKinnonC011-1003019:273:1700:00038% 21
Rafael Harvey-PinardLW101000107:260:0000:0000% 0
Sean WalkerD1122231318:500:0004:2700% 0
T.J. OshieRW1010048015:582:5820:0000% 0
Tomas HertlC000-1015019:142:4013:55058% 12
Travis HamonicD0001210017:070:0004:2200% 0
Vladislav NamestnikovC000140106:010:0000:0900% 2



Play-by-Play

1st period


0:01 of 1st period - Jason Robertson wins face-off versus Nathan MacKinnon in neutral zone.
0:17 of 1st period - Shot by Mark Stone.
0:17 of 1st period - Stopped by Anton Forsberg without a rebound.
0:18 of 1st period - Phillip Danault wins face-off versus Tomas Hertl in Ducks zone.
0:31 of 1st period - Shot by Tomas Hertl.
0:31 of 1st period - Stopped by Anton Forsberg without a rebound.
0:32 of 1st period - Jack Roslovic wins face-off versus Zach Hyman in Ducks zone.
0:35 of 1st period - Shot by Rafael Harvey-Pinard.
0:35 of 1st period - Goal by Rafael Harvey-Pinard - Ducks : 0 - Golden Knights : 1.
0:36 of 1st period - Derek Grant wins face-off versus Travis Boyd in neutral zone.
0:48 of 1st period - Icing by Mats Zuccarello.
0:49 of 1st period - Jack Roslovic wins face-off versus Travis Boyd in Ducks zone.
0:56 of 1st period - Conor Timmins is hit by Zack MacEwen and loses puck.
1:58 of 1st period - Shot by Nathan MacKinnon.
1:58 of 1st period - Shot Blocked by Rasmus Dahlin.
2:00 of 1st period - Shot by Mark Stone.
2:00 of 1st period - Stopped by Anton Forsberg without a rebound.
2:01 of 1st period - Phillip Danault wins face-off versus Tomas Hertl in Ducks zone.
2:26 of 1st period - Shot by Adam Boqvist.
2:26 of 1st period - Stopped by Anton Forsberg without a rebound.
2:27 of 1st period - Zach Hyman wins face-off versus Nathan MacKinnon in Ducks zone.
4:15 of 1st period - Moritz Seider is hit by Tomas Hertl and loses puck.
4:45 of 1st period - Tomas Hertl is hit by Brayden McNabb and loses puck.
5:04 of 1st period - Minor Penalty to Adam Boqvist for Hooking.
5:05 of 1st period - Jake Evans wins face-off versus Mats Zuccarello in Golden Knights zone.
5:12 of 1st period - Adrian Kempe is hit by Sean Walker and loses puck.
5:55 of 1st period - Shot by Moritz Seider.
5:55 of 1st period - Shot Blocked by Derek Grant.
5:57 of 1st period - Shot by Moritz Seider.
5:57 of 1st period - Shot Misses the Net.
6:22 of 1st period - Shot by Pierre-Luc Dubois.
6:22 of 1st period - Stopped by Ilya Samsonov without a rebound.
6:23 of 1st period - Jake Evans wins face-off versus Mats Zuccarello in Golden Knights zone.
6:36 of 1st period - Shot by Adam Fox.
6:36 of 1st period - Stopped by Ilya Samsonov without a rebound.
6:37 of 1st period - Derek Grant wins face-off versus Travis Boyd in Golden Knights zone.
7:07 of 1st period - Shot by Nathan MacKinnon.
7:07 of 1st period - Stopped by Anton Forsberg with a rebound.
7:10 of 1st period - Icing by Moritz Seider.
7:11 of 1st period - Derek Grant wins face-off versus Nikolaj Ehlers in Ducks zone.
7:23 of 1st period - Minor Penalty to Jakob Chychrun for Hooking.
7:24 of 1st period - Jake Evans wins face-off versus Mats Zuccarello in Golden Knights zone.
8:42 of 1st period - Shot by Adam Fox.
8:42 of 1st period - Shot Misses the Net.
8:44 of 1st period - Shot by Adam Fox.
8:44 of 1st period - Shot Misses the Net.
9:54 of 1st period - Shot by Nathan MacKinnon.
9:54 of 1st period - Stopped by Anton Forsberg without a rebound.
9:55 of 1st period - Derek Grant wins face-off versus Jason Robertson in Ducks zone.
10:00 of 1st period - Shot by Derek Grant.
10:00 of 1st period - Shot Blocked by Rasmus Dahlin.
10:10 of 1st period - Shot by Vladislav Namestnikov.
10:10 of 1st period - Stopped by Anton Forsberg with a rebound.
10:16 of 1st period - Shot by Conor Timmins.
10:16 of 1st period - Shot Misses the Net.
10:18 of 1st period - Shot by Sean Walker.
10:18 of 1st period - Goal by Sean Walker - Ducks : 0 - Golden Knights : 2.
10:19 of 1st period - Marcus Foligno wins face-off versus Phillip Danault in neutral zone.
10:19 of 1st period - Marcus Foligno is hit by Pierre-Luc Dubois.
11:14 of 1st period - Shot by Zach Hyman.
11:14 of 1st period - Shot Blocked by Adam Boqvist.
11:22 of 1st period - Adam Fox is hit by Marcus Foligno and loses puck.
12:07 of 1st period - Shot by T.J. Oshie.
12:07 of 1st period - Stopped by Anton Forsberg without a rebound.
12:08 of 1st period - Jack Roslovic wins face-off versus Jason Robertson in Ducks zone.
13:12 of 1st period - Shot by Miro Heiskanen.
13:12 of 1st period - Stopped by Anton Forsberg without a rebound.
13:13 of 1st period - Phillip Danault wins face-off versus Nathan MacKinnon in Ducks zone.
13:29 of 1st period - Shot by Nathan MacKinnon.
13:29 of 1st period - Stopped by Anton Forsberg with a rebound.
13:31 of 1st period - Shot by Mark Stone.
13:31 of 1st period - Shot Misses the Net.
13:43 of 1st period - Shot by Mark Stone.
13:43 of 1st period - Shot Blocked by Claude Giroux.
13:45 of 1st period - Shot by Mark Stone.
13:45 of 1st period - Shot Misses the Net.
14:09 of 1st period - Shot by Tomas Hertl.
14:09 of 1st period - Stopped by Anton Forsberg without a rebound.
14:10 of 1st period - Jack Roslovic wins face-off versus Travis Boyd in Ducks zone.
14:22 of 1st period - Mats Zuccarello is hit by Conor Timmins and loses puck.
14:25 of 1st period - Shot by Travis Boyd.
14:25 of 1st period - Stopped by Ilya Samsonov without a rebound.
14:26 of 1st period - Jason Robertson wins face-off versus Derek Grant in Golden Knights zone.
14:41 of 1st period - Shot by Adrian Kempe.
14:41 of 1st period - Shot Misses the Net.
14:43 of 1st period - Shot by Jason Robertson.
14:43 of 1st period - Stopped by Ilya Samsonov without a rebound.
14:44 of 1st period - Nathan MacKinnon wins face-off versus Travis Boyd in Golden Knights zone.
14:48 of 1st period - Miro Heiskanen is hit by Moritz Seider and loses puck.
16:09 of 1st period - Shot by Marcus Foligno.
16:09 of 1st period - Shot Hit the Post.
16:50 of 1st period - Shot by Claude Giroux.
16:50 of 1st period - Stopped by Ilya Samsonov without a rebound.
16:51 of 1st period - Zach Hyman wins face-off versus Derek Grant in Golden Knights zone.
16:51 of 1st period - Zach Hyman is hit by Sean Walker.
16:55 of 1st period - Shot by Patrick Kane.
16:55 of 1st period - Shot Misses the Net.
17:02 of 1st period - Double Minor Penalty to Vladislav Namestnikov for Boarding.
17:02 of 1st period - Minor Penalty to Nikolaj Ehlers for Interference.
17:03 of 1st period - Adrian Kempe wins face-off versus Nathan MacKinnon in neutral zone.
17:17 of 1st period - Shot by Adrian Kempe.
17:17 of 1st period - Stopped by Ilya Samsonov with a rebound.
17:31 of 1st period - Shot by Adrian Kempe.
17:31 of 1st period - Goal by Adrian Kempe - Ducks : 1 - Golden Knights : 2.
17:32 of 1st period - Nathan MacKinnon wins face-off versus Adrian Kempe in neutral zone.
18:46 of 1st period - Shot by Travis Boyd.
18:46 of 1st period - Stopped by Ilya Samsonov without a rebound.
18:47 of 1st period - Nathan MacKinnon wins face-off versus Travis Boyd in Golden Knights zone.
19:38 of 1st period - Shot by Moritz Seider.
19:38 of 1st period - Stopped by Ilya Samsonov with a rebound.
Goals for this period are 1 for Ducks vs 2 for Golden Knights.
Shots for this period are 9 for Ducks vs 13 for Golden Knights.

2nd period


0:01 of 2nd period - Mats Zuccarello wins face-off versus Jake Evans in neutral zone.
0:04 of 2nd period - Jakob Chychrun is hit by Mats Zuccarello and loses puck.
0:15 of 2nd period - Shot by Rasmus Dahlin.
0:15 of 2nd period - Shot Misses the Net.
0:48 of 2nd period - Rasmus Dahlin is hit by Travis Hamonic and loses puck.
1:10 of 2nd period - Shot by Nikolaj Ehlers.
1:10 of 2nd period - Stopped by Ilya Samsonov without a rebound.
1:11 of 2nd period - Nathan MacKinnon wins face-off versus Phillip Danault in Golden Knights zone.
1:46 of 2nd period - Claude Giroux is hit by Miro Heiskanen and loses puck.
2:01 of 2nd period - Tyson Barrie is hit by T.J. Oshie and loses puck.
2:28 of 2nd period - Shot by Marcus Foligno.
2:28 of 2nd period - Shot Misses the Net.
2:45 of 2nd period - Off-side.
2:46 of 2nd period - Jason Robertson wins face-off versus Jack Roslovic in neutral zone.
2:55 of 2nd period - Shot by Adrian Kempe.
2:55 of 2nd period - Stopped by Ilya Samsonov with a rebound.
3:01 of 2nd period - Shot by Adrian Kempe.
3:01 of 2nd period - Deflect By Jason Robertson.
3:01 of 2nd period - Shot Blocked by Conor Timmins.
3:03 of 2nd period - Shot by Jason Robertson.
3:03 of 2nd period - Stopped by Ilya Samsonov without a rebound.
3:04 of 2nd period - Zach Hyman wins face-off versus Derek Grant in Golden Knights zone.
3:15 of 2nd period - Shot by Zach Hyman.
3:15 of 2nd period - Stopped by Ilya Samsonov without a rebound.
3:16 of 2nd period - Jason Robertson wins face-off versus Kirby Dach in Golden Knights zone.
3:37 of 2nd period - Shot by Joe Pavelski.
3:37 of 2nd period - Shot Blocked by Sean Walker.
3:43 of 2nd period - Shot by Adrian Kempe.
3:43 of 2nd period - Shot Misses the Net.
4:01 of 2nd period - Marcus Foligno is hit by Adrian Kempe.
4:10 of 2nd period - Icing by Conor Timmins.
4:11 of 2nd period - Tomas Hertl wins face-off versus Zach Hyman in Golden Knights zone.
4:13 of 2nd period - Marcus Foligno is hit by Zach Hyman and loses puck.
4:15 of 2nd period - Minor Penalty to Marcus Foligno for Holding.
4:15 of 2nd period - Minor Penalty to Zach Hyman for Roughing.
4:16 of 2nd period - Nathan MacKinnon wins face-off versus Adrian Kempe in neutral zone.
4:29 of 2nd period - Shot by Mark Stone.
4:29 of 2nd period - Shot Misses the Net.
4:42 of 2nd period - Shot by Adrian Kempe.
4:42 of 2nd period - Deflect By Claude Giroux.
4:42 of 2nd period - Shot Misses the Net.
5:18 of 2nd period - Shot by Tomas Hertl.
5:18 of 2nd period - Shot Misses the Net.
5:25 of 2nd period - Icing by Rasmus Dahlin.
5:26 of 2nd period - Travis Boyd wins face-off versus Nathan MacKinnon in Ducks zone.
6:13 of 2nd period - Miro Heiskanen is hit by Adrian Kempe and loses puck.
6:28 of 2nd period - Shot by Nikolaj Ehlers.
6:28 of 2nd period - Stopped by Ilya Samsonov without a rebound.
6:29 of 2nd period - Zach Hyman wins face-off versus Vladislav Namestnikov in Golden Knights zone.
6:57 of 2nd period - Off-side.
6:58 of 2nd period - Phillip Danault wins face-off versus Jack Roslovic in neutral zone.
7:00 of 2nd period - Minor Penalty to Pierre-Luc Dubois for Interference.
7:01 of 2nd period - Tomas Hertl wins face-off versus Adrian Kempe in Ducks zone.
7:04 of 2nd period - Shot by Marcus Foligno.
7:04 of 2nd period - Stopped by Anton Forsberg without a rebound.
7:05 of 2nd period - Kirby Dach wins face-off versus Adrian Kempe in Ducks zone.
7:06 of 2nd period - Shot by T.J. Oshie.
7:06 of 2nd period - Stopped by Anton Forsberg without a rebound.
7:07 of 2nd period - Adrian Kempe wins face-off versus Nathan MacKinnon in Ducks zone.
8:29 of 2nd period - Kirby Dach is hit by Moritz Seider and loses puck.
8:40 of 2nd period - Shot by T.J. Oshie.
8:40 of 2nd period - Stopped by Anton Forsberg without a rebound.
8:41 of 2nd period - Adrian Kempe wins face-off versus Nathan MacKinnon in Ducks zone.
9:21 of 2nd period - Patrick Kane is hit by Sean Walker.
9:22 of 2nd period - Minor Penalty to Sean Walker for Slashing.
9:23 of 2nd period - Travis Boyd wins face-off versus Jake Evans in Golden Knights zone.
9:42 of 2nd period - Shot by Jake Evans.
9:42 of 2nd period - Stopped by Anton Forsberg without a rebound.
9:43 of 2nd period - Mats Zuccarello wins face-off versus Jake Evans in Ducks zone.
10:17 of 2nd period - Travis Hamonic is hit by Jason Robertson and loses puck.
10:59 of 2nd period - Icing by Moritz Seider.
11:00 of 2nd period - Travis Boyd wins face-off versus Jake Evans in Ducks zone.
11:43 of 2nd period - Shot by Nathan MacKinnon.
11:43 of 2nd period - Deflect By T.J. Oshie.
11:43 of 2nd period - Stopped by Anton Forsberg without a rebound.
11:44 of 2nd period - Tomas Hertl wins face-off versus Jason Robertson in Ducks zone.
11:44 of 2nd period - Minor Penalty to Adam Fox for Slashing.
11:45 of 2nd period - Tomas Hertl wins face-off versus Adrian Kempe in Ducks zone.
11:46 of 2nd period - Shot by Miro Heiskanen.
11:46 of 2nd period - Stopped by Anton Forsberg with a rebound.
11:48 of 2nd period - Shot by Kirby Dach.
11:48 of 2nd period - Deflect By Tomas Hertl.
11:48 of 2nd period - Stopped by Anton Forsberg without a rebound.
11:49 of 2nd period - Mats Zuccarello wins face-off versus Tomas Hertl in Ducks zone.
12:10 of 2nd period - Shot by Jakob Chychrun.
12:10 of 2nd period - Stopped by Anton Forsberg without a rebound.
12:11 of 2nd period - Mark Stone wins face-off versus Adrian Kempe in Ducks zone.
12:24 of 2nd period - Shot by Mark Stone.
12:24 of 2nd period - Shot Misses the Net.
12:32 of 2nd period - Shot by T.J. Oshie.
12:32 of 2nd period - Shot Blocked by Tyson Barrie.
12:34 of 2nd period - Shot by Mark Stone.
12:34 of 2nd period - Stopped by Anton Forsberg with a rebound.
12:36 of 2nd period - Shot by Jack Roslovic.
12:36 of 2nd period - Deflect By Nathan MacKinnon.
12:36 of 2nd period - Shot Misses the Net.
13:48 of 2nd period - Shot by Derek Grant.
13:48 of 2nd period - Stopped by Anton Forsberg with a rebound.
14:10 of 2nd period - Shot by Nikolaj Ehlers.
14:10 of 2nd period - Shot Misses the Net.
14:32 of 2nd period - Adam Fox is hit by Derek Grant and loses puck.
15:02 of 2nd period - Tomas Hertl is hit by Rasmus Dahlin and loses puck.
15:11 of 2nd period - Tomas Hertl is hit by Adam Fox and loses puck.
15:38 of 2nd period - Off-side.
15:39 of 2nd period - Nathan MacKinnon wins face-off versus Jason Robertson in neutral zone.
15:41 of 2nd period - Mark Stone is hit by Moritz Seider and loses puck.
16:12 of 2nd period - Shot by Joe Pavelski.
16:12 of 2nd period - Shot Misses the Net.
16:14 of 2nd period - Shot by Moritz Seider.
16:14 of 2nd period - Stopped by Ilya Samsonov without a rebound.
16:15 of 2nd period - Zach Hyman wins face-off versus Derek Grant in Golden Knights zone.
16:20 of 2nd period - Shot by Patrick Kane.
16:20 of 2nd period - Shot Misses the Net.
16:38 of 2nd period - Shot by Zach Hyman.
16:38 of 2nd period - Stopped by Ilya Samsonov without a rebound.
16:39 of 2nd period - Tomas Hertl wins face-off versus Travis Boyd in Golden Knights zone.
17:50 of 2nd period - Icing by Rasmus Dahlin.
17:51 of 2nd period - Adrian Kempe wins face-off versus Jack Roslovic in Ducks zone.
18:02 of 2nd period - Rafael Harvey-Pinard is hit by Adrian Kempe and loses puck.
18:09 of 2nd period - Shot by Adrian Kempe.
18:09 of 2nd period - Shot Misses the Net.
18:11 of 2nd period - Shot by Rasmus Dahlin.
18:11 of 2nd period - Shot Misses the Net.
18:13 of 2nd period - Shot by Jason Robertson.
18:13 of 2nd period - Stopped by Ilya Samsonov without a rebound.
18:14 of 2nd period - Phillip Danault wins face-off versus Nathan MacKinnon in Golden Knights zone.
18:17 of 2nd period - Shot by Phillip Danault.
18:17 of 2nd period - Deflect By Claude Giroux.
18:17 of 2nd period - Shot Misses the Net.
18:29 of 2nd period - Shot by T.J. Oshie.
18:29 of 2nd period - Stopped by Anton Forsberg with a rebound.
18:31 of 2nd period - Shot by T.J. Oshie.
18:31 of 2nd period - Stopped by Anton Forsberg with a rebound.
19:20 of 2nd period - Shot by Jack Roslovic.
19:20 of 2nd period - Stopped by Anton Forsberg without a rebound.
19:21 of 2nd period - Tomas Hertl wins face-off versus Jason Robertson in Ducks zone.
Goals for this period are 0 for Ducks vs 0 for Golden Knights.
Shots for this period are 8 for Ducks vs 13 for Golden Knights.

3rd period


0:01 of 3rd period - Nathan MacKinnon wins face-off versus Jason Robertson in neutral zone.
0:10 of 3rd period - Shot by Nathan MacKinnon.
0:10 of 3rd period - Shot Misses the Net.
0:30 of 3rd period - Shot by Adrian Kempe.
0:30 of 3rd period - Stopped by Ilya Samsonov without a rebound.
0:31 of 3rd period - Jack Roslovic wins face-off versus Phillip Danault in Golden Knights zone.
0:46 of 3rd period - Shot by Phillip Danault.
0:46 of 3rd period - Goal by Phillip Danault - Ducks : 2 - Golden Knights : 2.
0:47 of 3rd period - Tomas Hertl wins face-off versus Zach Hyman in neutral zone.
0:59 of 3rd period - Kirby Dach is hit by Rasmus Dahlin and loses puck.
1:05 of 3rd period - Kirby Dach is hit by Adam Fox and loses puck.
1:11 of 3rd period - Kirby Dach is hit by Rasmus Dahlin and loses puck.
1:16 of 3rd period - Shot by Marcus Foligno.
1:16 of 3rd period - Shot Misses the Net.
1:18 of 3rd period - Shot by Miro Heiskanen.
1:18 of 3rd period - Shot Blocked by Adam Fox.
1:22 of 3rd period - Shot by Tomas Hertl.
1:22 of 3rd period - Stopped by Anton Forsberg without a rebound.
1:22 of 3rd period - Minor Penalty to Rasmus Dahlin for High sticking.
1:23 of 3rd period - Adrian Kempe wins face-off versus Nathan MacKinnon in Ducks zone.
1:53 of 3rd period - Shot by Nathan MacKinnon.
1:53 of 3rd period - Shot Misses the Net.
1:55 of 3rd period - Shot by Jack Roslovic.
1:55 of 3rd period - Stopped by Anton Forsberg without a rebound.
1:56 of 3rd period - Adrian Kempe wins face-off versus Marcus Foligno in Ducks zone.
1:56 of 3rd period - Adrian Kempe is hit by Marcus Foligno.
2:07 of 3rd period - Tomas Hertl is hit by Mats Zuccarello and loses puck.
2:20 of 3rd period - Shot by Jakob Chychrun.
2:20 of 3rd period - Shot Misses the Net.
3:24 of 3rd period - Shot by Vladislav Namestnikov.
3:24 of 3rd period - Deflect By Derek Grant.
3:24 of 3rd period - Shot Misses the Net.
3:54 of 3rd period - Shot by Nikolaj Ehlers.
3:54 of 3rd period - Stopped by Ilya Samsonov with a rebound.
4:27 of 3rd period - Shot by Claude Giroux.
4:27 of 3rd period - Stopped by Ilya Samsonov with a rebound.
4:29 of 3rd period - Shot by Phillip Danault.
4:29 of 3rd period - Stopped by Ilya Samsonov without a rebound.
4:30 of 3rd period - Jason Robertson wins face-off versus Nathan MacKinnon in Golden Knights zone.
5:16 of 3rd period - Icing by Miro Heiskanen.
5:17 of 3rd period - Nathan MacKinnon wins face-off versus Phillip Danault in Golden Knights zone.
5:17 of 3rd period - Nathan MacKinnon is hit by Phillip Danault.
5:35 of 3rd period - Shot by Phillip Danault.
5:35 of 3rd period - Deflect By Pierre-Luc Dubois.
5:35 of 3rd period - Stopped by Ilya Samsonov without a rebound.
5:36 of 3rd period - Jack Roslovic wins face-off versus Zach Hyman in Golden Knights zone.
6:09 of 3rd period - Shot by Adam Boqvist.
6:09 of 3rd period - Shot Blocked by Nikolaj Ehlers.
6:53 of 3rd period - Shot by Tomas Hertl.
6:53 of 3rd period - Stopped by Anton Forsberg without a rebound.
6:54 of 3rd period - Phillip Danault wins face-off versus Nathan MacKinnon in Ducks zone.
6:56 of 3rd period - Claude Giroux is hit by T.J. Oshie and loses puck.
7:14 of 3rd period - Nathan MacKinnon is hit by Brayden McNabb and loses puck.
7:30 of 3rd period - Icing by Ryan McDonagh.
7:31 of 3rd period - Phillip Danault wins face-off versus Tomas Hertl in Ducks zone.
7:38 of 3rd period - Shot by Phillip Danault.
7:38 of 3rd period - Stopped by Ilya Samsonov with a rebound.
8:51 of 3rd period - Shot by Rafael Harvey-Pinard.
8:51 of 3rd period - Shot Misses the Net.
8:53 of 3rd period - Shot by Rafael Harvey-Pinard.
8:53 of 3rd period - Shot Misses the Net.
8:55 of 3rd period - Shot by Jakob Chychrun.
8:55 of 3rd period - Shot Blocked by Ryan McDonagh.
8:57 of 3rd period - Shot by Rafael Harvey-Pinard.
8:57 of 3rd period - Shot Misses the Net.
9:15 of 3rd period - Shot by Nathan MacKinnon.
9:15 of 3rd period - Shot Misses the Net.
9:25 of 3rd period - Shot by T.J. Oshie.
9:25 of 3rd period - Goal by T.J. Oshie - Ducks : 2 - Golden Knights : 3.
9:26 of 3rd period - Adrian Kempe wins face-off versus Vladislav Namestnikov in neutral zone.
9:42 of 3rd period - Shot by Derek Grant.
9:42 of 3rd period - Shot Blocked by Adam Fox.
9:44 of 3rd period - Shot by Miro Heiskanen.
9:44 of 3rd period - Stopped by Anton Forsberg with a rebound.
9:58 of 3rd period - Shot by Mattias Janmark.
9:58 of 3rd period - Shot Blocked by Adam Fox.
10:39 of 3rd period - Shot by T.J. Oshie.
10:39 of 3rd period - Stopped by Anton Forsberg with a rebound.
10:41 of 3rd period - Shot by Mark Stone.
10:41 of 3rd period - Stopped by Anton Forsberg without a rebound.
10:42 of 3rd period - Zach Hyman wins face-off versus Tomas Hertl in Ducks zone.
10:49 of 3rd period - Shot by Nikolaj Ehlers.
10:49 of 3rd period - Shot Misses the Net.
10:51 of 3rd period - Shot by Tyson Barrie.
10:51 of 3rd period - Stopped by Ilya Samsonov with a rebound.
10:53 of 3rd period - Shot by Nikolaj Ehlers.
10:53 of 3rd period - Deflect By Zach Hyman.
10:53 of 3rd period - Shot Misses the Net.
10:55 of 3rd period - Shot by Zach Hyman.
10:55 of 3rd period - Goal by Zach Hyman - Ducks : 3 - Golden Knights : 3.
10:56 of 3rd period - Travis Boyd wins face-off versus Jake Evans in neutral zone.
12:28 of 3rd period - Shot by Adrian Kempe.
12:28 of 3rd period - Shot Misses the Net.
12:54 of 3rd period - Shot by Tomas Hertl.
12:54 of 3rd period - Shot Misses the Net.
13:26 of 3rd period - Shot by Nikolaj Ehlers.
13:26 of 3rd period - Shot Misses the Net.
13:30 of 3rd period - Shot by Zach Hyman.
13:30 of 3rd period - Shot Blocked by Conor Timmins.
13:38 of 3rd period - Shot by Zach Hyman.
13:38 of 3rd period - Shot Blocked by Sean Walker.
14:06 of 3rd period - Shot by Pierre-Luc Dubois.
14:06 of 3rd period - Stopped by Ilya Samsonov without a rebound.
14:07 of 3rd period - Phillip Danault wins face-off versus Jack Roslovic in Golden Knights zone.
14:41 of 3rd period - Phillip Danault is hit by Jakob Chychrun and loses puck.
14:55 of 3rd period - Icing by Phillip Danault.
14:56 of 3rd period - Phillip Danault wins face-off versus Nathan MacKinnon in Ducks zone.
14:56 of 3rd period - Phillip Danault is hit by T.J. Oshie.
15:18 of 3rd period - Phillip Danault is hit by T.J. Oshie.
15:19 of 3rd period - Minor Penalty to Travis Hamonic for Tripping.
15:20 of 3rd period - Jake Evans wins face-off versus Mats Zuccarello in Golden Knights zone.
15:57 of 3rd period - Shot by Rasmus Dahlin.
15:57 of 3rd period - Shot Blocked by Jakob Chychrun.
15:59 of 3rd period - Shot by Rasmus Dahlin.
15:59 of 3rd period - Shot Misses the Net.
16:01 of 3rd period - Shot by Adrian Kempe.
16:01 of 3rd period - Shot Misses the Net.
16:03 of 3rd period - Shot by Rasmus Dahlin.
16:03 of 3rd period - Stopped by Ilya Samsonov without a rebound.
16:04 of 3rd period - Travis Boyd wins face-off versus Derek Grant in Golden Knights zone.
16:09 of 3rd period - Shot by Rasmus Dahlin.
16:09 of 3rd period - Shot Blocked by Sean Walker.
16:11 of 3rd period - Shot by Rasmus Dahlin.
16:11 of 3rd period - Stopped by Ilya Samsonov without a rebound.
16:12 of 3rd period - Jake Evans wins face-off versus Travis Boyd in Golden Knights zone.
16:35 of 3rd period - Shot by Moritz Seider.
16:35 of 3rd period - Stopped by Ilya Samsonov without a rebound.
16:36 of 3rd period - Derek Grant wins face-off versus Mats Zuccarello in Golden Knights zone.
16:51 of 3rd period - Shot by Adam Fox.
16:51 of 3rd period - Deflect By Jason Robertson.
16:51 of 3rd period - Stopped by Ilya Samsonov without a rebound.
16:52 of 3rd period - Mats Zuccarello wins face-off versus Jake Evans in Golden Knights zone.
17:11 of 3rd period - Shot by Mats Zuccarello.
17:11 of 3rd period - Shot Misses the Net.
17:20 of 3rd period - Adrian Kempe is hit by Conor Timmins and loses puck.
17:22 of 3rd period - Minor Penalty to Conor Timmins for Tripping.
17:23 of 3rd period - Derek Grant wins face-off versus Travis Boyd in Golden Knights zone.
17:23 of 3rd period - Derek Grant is hit by Travis Boyd.
17:43 of 3rd period - Shot by Tyson Barrie.
17:43 of 3rd period - Stopped by Ilya Samsonov without a rebound.
17:44 of 3rd period - Mats Zuccarello wins face-off versus Derek Grant in Golden Knights zone.
17:59 of 3rd period - Shot by Rasmus Dahlin.
17:59 of 3rd period - Deflect By Jason Robertson.
17:59 of 3rd period - Shot Misses the Net.
18:46 of 3rd period - Shot by Moritz Seider.
18:46 of 3rd period - Shot Misses the Net.
18:48 of 3rd period - Shot by Moritz Seider.
18:48 of 3rd period - Stopped by Ilya Samsonov without a rebound.
18:49 of 3rd period - Travis Boyd wins face-off versus Jake Evans in Golden Knights zone.
18:57 of 3rd period - Shot by Claude Giroux.
18:57 of 3rd period - Stopped by Ilya Samsonov without a rebound.
18:58 of 3rd period - Travis Boyd wins face-off versus Derek Grant in Golden Knights zone.
19:30 of 3rd period - Nathan MacKinnon is hit by Ryan McDonagh and loses puck.
19:38 of 3rd period - Shot by Nikolaj Ehlers.
19:38 of 3rd period - Deflect By Patrick Kane.
19:38 of 3rd period - Shot Misses the Net.
19:46 of 3rd period - Shot by Zach Hyman.
19:46 of 3rd period - Goal by Zach Hyman - Ducks : 4 - Golden Knights : 3.
19:47 of 3rd period - Jason Robertson wins face-off versus Nathan MacKinnon in neutral zone.
19:51 of 3rd period - Rasmus Dahlin is hit by Jakob Chychrun and loses puck.
Goals for this period are 3 for Ducks vs 1 for Golden Knights.
Shots for this period are 18 for Ducks vs 7 for Golden Knights.